 Dungeon Crawl Stone Soup version 0.31-a0-102-g33a4ccc0cb (webtiles) character file.

Game seed: 9983782448352305544

183 CowFu the Trooper (level 5, 0/47 HPs)
             Began as a Minotaur Fighter on May 26, 2023.
             Killed from afar by Natasha (10 damage)
             ... with a magic dart
             ... on level 3 of the Dungeon.
             The game lasted 00:01:58 (2067 turns).

CowFu the Trooper (Minotaur Fighter)                Turns: 2067, Time: 00:01:58

Health: 0/47       AC:  7    Str: 22    XL:     5   Next: 35%
Magic:  4/4        EV: 10    Int:  5    God:
Gold:   115        SH:  4    Dex: 10    Spells: 4/4 levels left

rFire   . . .        a - +0 long sword
rCold   . . .        c - +0 buckler
rNeg    . . .        n - +0 scale mail
rPois   .            (helmet restricted)
rElec   .            (no cloak)
rCorr   .            (no gloves)
SInv    .            (no boots)
Will    +....        (no amulet) Stlth
                     k - ring of willpower
HPRegen 0.27/turn    (no ring)
MPRegen 0.09/turn

%: no passive effects
@: mighty
A: horns 2, retaliatory headbutt
a: no special abilities


You were on level 3 of the Dungeon.
You visited 1 branch of the dungeon, and saw 3 of its levels.

You collected 115 gold pieces.

Inventory:

Hand Weapons
 a - a +0 long sword (weapon)
 b - a +0 dagger of electrocution
Armour
 c - a +0 buckler (worn)
 n - a +0 scale mail (worn)
Jewellery
 k - a ring of willpower (left hand)
Scrolls
 e - 2 scrolls of fog {unknown}
 h - a scroll of immolation {unknown}
 j - a scroll of noise {unknown}
 m - 2 scrolls of identify {unknown}
Potions
 f - 2 potions of lignification {unknown}
 g - 2 potions of curing {unknown}
 i - a potion of brilliance {unknown}
 l - a potion of heal wounds {unknown}
 o - a potion of degeneration {unknown}
 p - a potion of magic {unknown}


   Skills:
 + Level 4.5 Fighting
 * Level 4.4 Long Blades
 + Level 4.3 Armour
 + Level 2.0 Dodging
 + Level 4.4 Shields


You had 4 spell levels left.
You didn't know any spells.
Your spell library contained the following spells:

 Spells                   Type           Power      Damage    Failure   Level
 Volatile Blastmotes      Fire/Tloc      0%         2d10      99%         3
 Fulminant Prism          Conj/Hex       0%         3d5       100%        4
 Iskenderun's Mystic Bla  Conj/Tloc      0%         2d3       100%        4
 Lee's Rapid Deconstruct  Erth           0%         3d4*      100%        5


Dungeon Overview and Level Annotations

Branches:
Dungeon (3/15)

Altars:

Annotations:
D:3 Natasha


Innate Abilities, Weirdness & Mutations

You have a pair of horns on your head.
You reflexively headbutt those who attack you in melee.


Message History

Deactivating autopickup; reactivate with Ctrl-A.
You closely miss something.
You hear some strange, mumbled words.
A magic dart appears from out of thin air!
The magic dart hits you.
* * * LOW HITPOINT WARNING * * *
You miss something. Your headbutt misses something.
An orc wizard appears from thin air!
Reactivating autopickup.
The orc wizard gestures wildly while chanting.
The orc wizard flickers and vanishes!
Deactivating autopickup; reactivate with Ctrl-A.
Something hits you but does no damage.
You barely miss something. Something hits you but does no damage.
You miss something. Your headbutt misses something. Something hits you.
* * * LOW HITPOINT WARNING * * *
You barely miss something. Your headbutt misses something.
Something hits you but does no damage.
You closely miss something. Your headbutt misses something.
Something hits you but does no damage.
You slash something! Something hits you but does no damage. Something hits you.
* * * LOW HITPOINT WARNING * * *
You barely miss something. Your headbutt misses something.
Something hits you but does no damage.
You slash something!
Reactivating autopickup.
You feel a bit more experienced.
Your Dodging skill increases to level 2!
Things that are here:
a +0 dagger; a +0 robe; an orc corpse
There is a stone staircase leading down here.
You climb downwards.
Level annotation: Natasha The cerulean imp hits you from afar with a +2 spear.
* * * LOW HITPOINT WARNING * * *
There is a stone staircase leading up, spattered with blood here.
The cerulean imp barely misses you.
Natasha stares at you and mumbles some strange words.
The magic dart hits you!
You die...

#.# #.#+## #....#
#....#####
.######.........
.55§...[.h...5..
#.)(..# #...5.#
#.#@#!# ....
##############.#<#
# #...
...............###
. ##..#
..###...########
.. .... #..##...#
#. #..#
##.###############
##..##..#
.................
........####
#......##......#
#......†.))#
#...##.##......#
#.#####)##)#


You could see Natasha and 2 cerulean imps.

Vanquished Creatures
  An orc priest (D:2)
  2 orc wizards
  Robin (D:3)
  2 adders (D:2)
  2 worms (D:2)
  A dart slug (D:1)
  6 orcs
  5 endoplasms
  2 giant cockroaches (D:2)
  10 goblins
  8 hobgoblins
  A quokka (D:2)
  9 ball pythons
  2 bats
  3 frilled lizards
  6 kobolds
  2 rats
63 creatures vanquished.

Notes
Turn   | Place    | Note
-------+----------+-------------------------------------------
     0 | D:1      | CowFu the Minotaur Fighter began the quest for the Orb.
     0 | D:1      | Reached XP level 1. HP: 19/19 MP: 0/0
   421 | D:1      | Reached XP level 2. HP: 24/27 MP: 1/1
  1088 | D:2      | Reached skill level 1 in Dodging
  1088 | D:2      | Reached XP level 3. HP: 22/33 MP: 2/2
  1177 | D:2      | Reached XP level 4. HP: 39/40 MP: 3/3
  1721 | D:3      | Noticed Robin
  1749 | D:3      | Killed Robin
  1922 | D:3      | Noticed Natasha
  1939 | D:3      | Reached XP level 5. HP: 35/47 MP: 4/4
  2067 | D:3      | Killed from afar by Natasha

Illustrated notes

Levels and vault maps discovered:
D:1:      minmay_arrival_stair_chambers, layout_basic
D:2:      layout_loops_ring, minmay_quantized
D:3:      layout_basic, kennysheep_generic_room_12, uniq_robin, uniq_natasha

Skill      XL: |  1  2  3  4  5 |
---------------+----------------+-----
Long Blades    | 3 4 |  4.4
Fighting       | 4 |  4.5
Armour         | 4 |  4.3
Dodging        | 1 2 |  2.0
Shields        | 4 |  4.4

Action                     |  1- 3 |  4- 6 || total
---------------------------+-------+-------++-------
  Melee: Long sword        |    75 |   116 ||   191
         Headbutt          |     6 |    10 ||    16
    Use: Potion            |       |     1 ||     1
 Armour: Scale mail        |    33 |    61 ||    94
  Dodge: Dodged            |    26 |    37 ||    63
  Block: Buckler           |    17 |    25 ||    42

Table legend: (Time is in decaauts)
 A = Elapsed time spent in this place.
 B = Non-inter-level travel time spent in this place.
 C = Inter-level travel time spent in this place.
 D = Time resting spent in this place.
 E = Time spent auto-exploring this place.
 F = Levels seen in this place.
 G = Mean time per level.
                   A        B        C        D        E       F      G
               +--------+--------+--------+--------+--------+-----+--------+
         Total |   2116 |   2081 |     35 |      0 |   1639 |   3 |  705.3 |
       Dungeon |   2116 |   2081 |     35 |      0 |   1639 |   3 |  705.3 |
               +--------+--------+--------+--------+--------+-----+--------+

Top non-repeatable levels by time:
     D:2: 915 daAuts
     D:1: 910 daAuts
     D:3: 290 daAuts
